 Dungeon Crawl Stone Soup version 0.29-a0-397-g846e4a0bbc (webtiles) character file.

Game seed: 7210692905323176879

2201 Bruhh the Cleaver (level 9, -4/70 HPs)
             Began as a Hill Orc Fighter on May 11, 2022.
             Was a Follower of the Shining One.
             Slain by a yak (9 damage)
             ... on level 8 of the Dungeon.
             The game lasted 00:09:50 (7924 turns).

Bruhh the Cleaver (Hill Orc Fighter)                Turns: 7924, Time: 00:09:50

Health: -4/70      AC:  9    Str: 23    XL:     9   Next: 34%
Magic:  13/16      EV:  9    Int:  8    God:    the Shining One [*.....]
Gold:   337        SH: 14    Dex: 10    Spells: 8/8 levels left

rFire   + . .      SeeInvis .   q - +0 war axe (vorpal)
rCold   + . .      Faith    .   c - +0 buckler
rNeg    . . .      Spirit   .   b - +0 scale mail
rPois   +          Reflect  .   l - +1 helmet
rElec   +          Harm     .   (no cloak)
rCorr   +          Rampage  .   (no gloves)
Will    .....                   (no boots)
Stlth   ..........              (no amulet)
HPRegen 0.21/turn               (no ring)
MPRegen 0.15/turn               (no ring)

@: divinely shielded, resistant, attractive, flying, hasted, glowing, invisible
(but backlit and visible), very quick
A: no striking features
a: Renounce Religion, Divine Shield


You were on level 8 of the Dungeon.
You worshipped the Shining One.
The Shining One was aware of your devotion.
You visited 1 branch of the dungeon, and saw 7 of its levels.

You collected 337 gold pieces.

Inventory:

Hand Weapons
 a - a +0 war axe
 q - a +0 vorpal war axe (weapon)
Missiles
 t - 6 boomerangs (quivered)
Armour
 b - a +0 scale mail (worn)
 c - a +0 buckler (worn)
 l - a +1 helmet (worn)
Jewellery
 h - a +6 ring of strength
Wands
 x - a wand of iceblast (13)
 A - a wand of polymorph (1)
Scrolls
 d - a scroll of fog {unknown}
 e - 14 scrolls of identify {unknown}
 f - 6 scrolls of amnesia {unknown}
 m - 3 scrolls of teleportation {unknown}
 o - a scroll of noise {unknown}
 s - 2 scrolls of enchant armour {unknown}
 v - 2 scrolls of immolation {unknown}
 w - a scroll of silence {unknown}
 y - 2 scrolls of fear {unknown}
 z - a scroll of blinking {unknown}
 C - a scroll of magic mapping {unknown}
Potions
 i - a potion of heal wounds {unknown}
 j - a potion of degeneration
 n - a potion of brilliance {unknown}
 p - a potion of curing
 r - a potion of attraction


   Skills:
 - Level 3.6 Fighting
 - Level 10.0 Axes
 - Level 3.2 Armour
 - Level 3.2 Shields
 + Level 9.5 Invocations
 + Level 6.0 Evocations


You had 8 spell levels left.
You didn't know any spells.
Your spell library contained the following spells:

 Spells                   Type           Power      Damage    Failure   Level
 Beastly Appendage        Tmut           0%         N/A       82%         1
 Pain                     Necr           0%         1d4       82%         1
 Ensorcelled Hibernation  Hex/Ice        0%         N/A       91%         2
 Passwall                 Tmut/Erth      0%         N/A       91%         2
 Wereblood                Tmut           0%         N/A       91%         2
 Spider Form              Tmut/Pois      0%         N/A       99%         3
 Stone Arrow              Conj/Erth      0%         3d7       99%         3
 Swiftness                Air            0%         N/A       99%         3
 Animate Armour           Summ/Erth      0%         N/A       100%        4
 Hailstorm                Conj/Ice       0%         3d3       100%        4
 Ice Form                 Ice/Tmut       0%         N/A       100%        4
 Agony                    Necr           0%         N/A       100%        5
 Excruciating Wounds      Necr           0%         N/A       100%        5
 Simulacrum               Ice/Necr       0%         N/A       100%        6
 Lehudib's Crystal Spear  Conj/Erth      0%         10d2      100%        8


Dungeon Overview and Level Annotations

Branches:
Dungeon (6/15)             Temple (0/1) D:4

Altars:
The Shining One

Shops:
D:1 (   D:4 (

Annotations:
D:2 1 runed translucent door, Crazy Yiuf
D:5 2 runed translucent doors, haldagan's ghost, novice OpMo


Message History

Aim: a centaur, wielding a +0 shortbow (will become an iguana, a wolf, or a hound, chance to affect: 63%)
Okay, then.
You barely miss the yak.
The yak is severely wounded.
The yak gores you.
You are too injured to fight recklessly!
Your shield is strengthened by the Shining One's divine power.
You block the yak's attack.
You hit the yak.
The yak is severely wounded.
The yak gores you.
You hit the yak.
The yak is severely wounded.
The yak barely misses you.
You hit the yak.
The yak is almost dead.
You block the yak's attack.
You hit the yak but do no damage.
The yak is almost dead.
The yak gores you!
* * * LOW HITPOINT WARNING * * *
You slash the yak!
You kill the yak!
The centaur shoots an arrow.
You block the arrow.
Your Evocations skill increases to level 6!
It was a potion of attraction.
You feel attractive to monsters. The yak gores you!
* * * LOW HITPOINT WARNING * * *
It was a potion of flight.
You feel very buoyant.
You fly up into the air.
The yak closely misses you.
It was a potion of invisibility.
You become transparent, but the glow from your halo prevents you from becoming completely invisible.
You block the yak's attack.
It was a potion of resistance.
You feel protected. The yak barely misses you.
It was a potion of haste.
You feel yourself speed up. The yak gores you!
You die...

.# #..# #.<. .# #..# #...
#.###..# #... ##...##..#
#(.. ..).. ...# ##.. #..<
#.. #c. #.. #Y# ### #@# #
#.###..# #......# #.####.#
#########.####
.........[...# #
#########.##.#.###########
#.....[.....##....
#....#.####.##.###


You could see a yak and a centaur.

Vanquished Creatures
  Pikel (D:6)
  2 yaks (D:8)
  2 steam dragons (D:8)
  A water moccasin (D:5)
  A sky beast (D:5)
  3 lemures (D:6)
  A phantom (D:5)
  A gnoll sergeant (D:5)
  A scorpion (D:6)
  A bullfrog (D:4)
  A necrophage (D:8)
  4 killer bees (D:8)
  2 hounds
  3 jellies
  2 orc priests (D:4)
  2 iguanas
  2 orc wizards (D:5)
  A mummy (D:5)
  5 gnolls (D:5)
  8 adders
  A shadow imp (D:4)
  5 worms
  4 dart slugs
  6 orcs
  An endoplasm (D:2)
  3 giant cockroaches
  13 goblins
  6 hobgoblins
  4 jackals (D:1)
  2 quokkas
  5 ball pythons
  4 bats
  2 frilled lizards (D:1)
  2 hobgoblin zombies (D:5)
  7 kobolds
  A kobold zombie (D:5)
  An orc zombie (D:5)
  3 rats
114 creatures vanquished.

Vanquished Creatures (others)
  10 fungi (D:6)
  3 plants (D:5)
  4 toadstools (D:6)
17 creatures vanquished.

Grand Total: 131 creatures vanquished

Notes
Turn   | Place    | Note
-------+----------+-------------------------------------------
     0 | D:1      | Bruhh the Hill Orc Fighter began the quest for the Orb.
     0 | D:1      | Reached XP level 1. HP: 19/19 MP: 1/1
    21 | D:1      | Reached skill level 3 in Axes
    31 | D:1      | Noticed a golden eye
    79 | D:1      | Found a faded altar of an unknown god.
    81 | D:1      | Noticed an eye of devastation
    81 | D:1      | Noticed a great orb of eyes
    81 | D:1      | Noticed a floating eye
   156 | D:1      | Reached XP level 2. HP: 26/26 MP: 2/2
   332 | D:1      | Reached skill level 4 in Axes
   674 | D:1      | Found Xonlergha's Antique Weapon Shoppe.
  1046 | D:2      | Reached XP level 3. HP: 29/31 MP: 3/3
  1287 | D:2      | Reached skill level 5 in Axes
  1640 | D:2      | Found a runed translucent door.
  1641 | D:2      | Noticed Crazy Yiuf
  1696 | D:2      | Reached XP level 4. HP: 34/39 MP: 4/4
  2388 | D:3      | Reached skill level 6 in Axes
  3114 | D:3      | Found a glowing golden altar of the Shining One.
  3316 | D:3      | Became a worshipper of the Shining One
  3370 | D:4      | Reached skill level 1 in Invocations
  3370 | D:4      | Reached XP level 5. HP: 45/45 MP: 4/6
  3630 | D:4      | Found a staircase to the Ecumenical Temple.
  3868 | D:4      | Reached skill level 7 in Axes
  3868 | D:4      | Reached XP level 6. HP: 26/51 MP: 6/8
  4239 | D:4      | Found Sarrai Ydeb's Weapon Boutique.
  4620 | D:5      | Entered Level 5 of the Dungeon
  4789 | D:5      | Reached skill level 8 in Axes
  4789 | D:5      | Reached skill level 5 in Invocations
  4789 | D:5      | Reached XP level 7. HP: 49/57 MP: 10/10
  5780 | D:5      | Reached skill level 9 in Axes
  5885 | D:5      | Found a runed translucent door.
  5886 | D:5      | Noticed haldagan's ghost (novice OpMo)
  6025 | D:5      | Reached * piety under the Shining One
  6137 | D:5      | Found a runed translucent door.
  6365 | D:5      | Reached XP level 8. HP: 64/64 MP: 11/13
  6633 | D:6      | Reached skill level 1 in Evocations
  6839 | D:6      | Noticed Pikel
  6852 | D:6      | Killed Pikel
  6853 | D:6      | Reached skill level 10 in Axes
  7018 | D:6      | You fall into a shaft and drop 2 floors!
  7533 | D:8      | Reached skill level 5 in Evocations
  7533 | D:8      | Reached XP level 9. HP: 68/70 MP: 12/15
  7924 | D:8      | Slain by a yak

Illustrated notes

Levels and vault maps discovered:
D:1:      moated_graveyard_arrival, layout_loops_corners,
          hellmonk_ecumenical_altar_watching_god, serial_shops, shop
D:2:      layout_loops_ring, uniq_crazy_yiuf_cottage
D:3:      layout_basic, tso_altar, minmay_goblin_outpost
D:4:      kennysheep_spiral_hall, layout_cave_pods,
          minmay_temple_entry_sparse_star, kennysheep_windowed_goal
D:5:      layout_basic, ebering_ghost_sewer_f, chequers_big_river,
          roderic_filled_cross, minmay_mini_ossuary
D:6:      layout_layer_cave, minmay_gold_behind_fungi, uniq_pikel
D:8:      layout_loops_ring

Skill      XL: |  1  2  3  4  5  6  7  8  9 |
---------------+----------------------------+-----
Axes           | 3 4 5 6 7 8 9 10 | 10.0
Invocations    | 1 3 5 6 8 9 |  9.5
Evocations     | 5 6 |  6.0
Fighting       | |  3.6
Armour         | |  3.2
Shields        | |  3.2

Action                   |  1- 3 |  4- 6 |  7- 9 || total
-------------------------+-------+-------+-------++-------
Melee: War axe           |   111 |   124 |   121 ||   356
Throw: Stone             |       |    13 |       ||    13
Invok: Divine Shield     |       |       |     2 ||     2
  Use: Potion            |       |       |    11 ||    11
Armor: Scale mail        |    72 |    57 |    38 ||   167
Dodge: Dodged            |    59 |    51 |    54 ||   164
Block: Buckler           |    31 |    27 |    31 ||    89

Table legend: (Time is in decaauts)
 A = Elapsed time spent in this place.
 B = Non-inter-level travel time spent in this place.
 C = Inter-level travel time spent in this place.
 D = Time resting spent in this place.
 E = Time spent auto-exploring this place.
 F = Levels seen in this place.
 G = Mean time per level.
                   A        B        C        D        E       F      G
               +--------+--------+--------+--------+--------+-----+--------+
         Total |   8007 |   7817 |    190 |    638 |   6210 |   7 | 1143.9 |
       Dungeon |   8007 |   7817 |    190 |    638 |   6210 |   7 | 1143.9 |
               +--------+--------+--------+--------+--------+-----+--------+

Top non-repeatable levels by time:
     D:4: 1935 daAuts
     D:5: 1392 daAuts
     D:2: 1342 daAuts
     D:1: 1037 daAuts
     D:3: 1003 daAuts
     D:8: 908 daAuts
     D:6: 387 daAuts
